 Dungeon Crawl Stone Soup version 0.27-a0-1136-g0b992a5a9d (webtiles) character file.

Game seed: 4476733204788106214

1810 rageheart7 the Skirmisher (level 9, 0/68 HPs)
             Began as a Djinni Gladiator on May 6, 2021.
             Was a Follower of Makhleb.
             Slain by a river rat (8 damage)
             ... summoned by Eustachio
             ... on level 6 of the Dungeon.
             The game lasted 00:13:47 (9233 turns).

rageheart7 the Skirmisher (Djinni Gladiator)        Turns: 9233, Time: 00:13:47

Health: 0/68       AC: 10    Str: 15    XL:     9   Next: 10%
Gold:   211        EV: 12    Int: 11    God:    Makhleb [*.....] SH:  0 Dex: 15

rFire    + + .     SeeInvis .   j - +4 spear "Xaub Beo" {vamp, rCorr}
rCold    x . .     Faith    .   (no shield)
rNeg     . . .     Spirit   .   b - +0 leather armour
rPois    ∞         Reflect  .   c - +1 helmet
rElec    .         Harm     .   (no cloak)
rCorr    +         Rampage  .   i - +0 pair of gloves
Will     .....                  (boots unavailable)
Stlth    +.........             (no amulet)
HPRegen  0.21/turn              l - +4 ring of protection
MPRegen  0.00/turn              (no ring)

@: about to teleport, flying
A: sickness immunity, fire resistance 2, cold vulnerability 1, float, innate
caster, hp casting, extra vitality 1
a: Renounce Religion


You were on level 6 of the Dungeon.
You worshipped Makhleb.
Makhleb was aware of your devotion.
You visited 1 branch of the dungeon, and saw 7 of its levels.

You collected 211 gold pieces.

Inventory:

Hand Weapons
 a - a +1 quarterstaff
 j - the +4 spear "Xaub Beo" (weapon) {vamp, rCorr}
   (You found it on level 5 of the Dungeon)

   It inflicts no extra harm, but heals its wielder when it wounds a living foe.
   It protects you from acid and corrosion.
Missiles
 d - 2 throwing nets
 n - 8 curare-tipped darts
Armour
 b - a +0 leather armour (worn)
 c - a +1 helmet (worn)
 i - a +0 pair of gloves (worn)
Magical Staves
 e - a staff of fire
Jewellery
 l - a +4 ring of protection (left hand)
Scrolls
 k - a scroll of enchant weapon
 p - a scroll of identify
Potions
 f - 3 potions of curing
 g - a potion of resistance
 h - a potion of haste
 m - a potion of might


   Skills:
 * Level 7.6 Fighting
 + Level 5.7 Staves
 - Level 1.5 Throwing
 - Level 3.2 Dodging
 * Level 5.5 Spellcasting


You had 10 spell levels left.
You knew the following spells:

 Your Spells              Type           Power      Damage    Failure   Level
a - Magic Dart            Conj           60%        1d6       2%          1
b - Blink                 Tloc           N/A        N/A       3%          2
c - Call Imp              Summ           15%        N/A       3%          2
d - Petrify               Tmut/Erth      15%        N/A       26%         4
Your spell library was empty.

Dungeon Overview and Level Annotations

Branches:
Dungeon (7/15)             Temple (0/1) D:7

Altars:
Makhleb

Annotations:
D:6 Eustachio


Innate Abilities, Weirdness & Mutations

You are immune to sickness and miasma.
You are immune to poison.
Your flesh is very heat resistant. (rF++)
You are vulnerable to cold. (rC-)
You float through the air rather than walking.
You learn spells naturally, not from books.
Your magical power is your life essence.
You have superior vitality. (+4 HP)


Message History

Your crimson imp hits the white imp.
The gnoll barely misses you. Eustachio misses you.
You hit Eustachio.
Eustachio is almost dead.
The white imp barely misses you.
Your crimson imp blinks!
The gnoll hits you but does no damage.
Eustachio mumbles some strange words.
You completely miss Eustachio.
Eustachio is almost dead.
The white imp barely misses you. The gnoll hits you but does no damage.
Eustachio hits you but does no damage. The river rat barely misses you.
The river rat closely misses you.
You closely miss Eustachio.
Eustachio is almost dead.
The white imp hits you but does no damage.
The gnoll hits you but does no damage.
The river rat bites you but does no damage. x2
Eustachio mumbles some strange words.
You closely miss Eustachio.
Eustachio is almost dead.
The river rat disappears in a puff of smoke!
The bat disappears in a puff of smoke!
The white imp gestures at you. The puff of frost hits you.
The gnoll barely misses you. Eustachio hits you with a +0 rapier!
* * * LOW HITPOINT WARNING * * *
The river rat bites you but does no damage.
The rat closely misses you.
As you read the scroll of teleportation, it crumbles to dust.
You feel strangely unstable. The white imp gestures at you.
The puff of frost hits you.
* * * LOW HITPOINT WARNING * * *
The gnoll hits you with a +0 short sword.
* * * LOW HITPOINT WARNING * * *
The rat bites you.
* * * LOW HITPOINT WARNING * * *
The river rat bites you!
You die...

#.# #.#.......
#.# # #.......
#.###########
########
#..)........
#.#######..#
#.#### ..#
#..br# ..#####
#.##@####.......
#.##r@5.5)....#
#.##§rg....##.#
#.##(.###.......
#.##..# ......#
#.##..# ####..#
#.##... .# #.##
# #.


You could see Eustachio (ally target), a gnoll, 2 river rats, a white imp
(summoned), a bat (summoned), a rat (summoned) and a friendly crimson imp
(summoned).

Vanquished Creatures
  Sigmund (D:3)
  A black bear (D:7)
  An ice beast (D:5)
  A sky beast (D:5)
  3 ogres
  A phantom (D:5)
  A scorpion (D:6)
  3 wights (D:5)
  A centaur zombie (D:7)
  2 hounds
  A bullfrog zombie (D:6)
  3 iron imps (D:4)
  2 jellies
  A gnoll shaman (D:5)
  An orc wizard (D:3)
  2 iguanas (D:5)
  A hound skeleton (D:4)
  10 gnolls
  4 adders
  An adder skeleton (D:4)
  A worm (D:3)
  5 dart slugs
  8 orcs
  10 bats
  5 endoplasms
  2 giant cockroaches
  3 goblins
  6 hobgoblins
  3 jackals (D:5)
  3 quokkas
  2 ball pythons
  5 frilled lizards
  11 kobolds
  6 rats
111 creatures vanquished.

Vanquished Creatures (collateral kills)
  A steam dragon (D:7)
  A black bear (D:6)
  2 ogres (D:5)
  2 wights (D:5)
  3 gnolls (D:5)
  A quokka (D:5)
10 creatures vanquished.

Vanquished Creatures (others)
  3 plants (D:6)
3 creatures vanquished.

Grand Total: 124 creatures vanquished

Notes
Turn   | Place    | Note
-------+----------+-------------------------------------------
     0 | D:1      | rageheart7 the Djinni Gladiator began the quest for the
                  | Orb.
     0 | D:1      | Reached XP level 1. HP: 18/18 MP: 0/0
   160 | D:1      | Reached XP level 2. HP: 24/24 MP: 0/0
  1194 | D:1      | Reached XP level 3. HP: 25/29 MP: 0/0
  1194 | D:1      | Learned a level 1 spell: Magic Dart
  1462 | D:2      | Reached skill level 3 in Fighting
  1963 | D:2      | Reached XP level 4. HP: 24/35 MP: 0/0
  2639 | D:2      | Found a faded altar of an unknown god.
  3113 | D:3      | Reached skill level 1 in Spellcasting
  3126 | D:3      | Reached XP level 5. HP: 39/40 MP: 0/0
  3126 | D:3      | Learned a level 2 spell: Blink
  3467 | D:3      | Noticed Sigmund
  3717 | D:3      | Killed Sigmund
  3718 | D:3      | Reached skill level 4 in Fighting
  3718 | D:3      | Reached XP level 6. HP: 23/48 MP: 0/0
  5274 | D:4      | Reached skill level 5 in Fighting
  5274 | D:4      | Reached XP level 7. HP: 38/54 MP: 0/0
  5274 | D:4      | Learned a level 2 spell: Call Imp
  5798 | D:4      | Found a burning altar of Makhleb.
  6162 | D:4      | Became a worshipper of Makhleb the Destroyer
  6191 | D:5      | Entered Level 5 of the Dungeon
  6660 | D:5      | Reached XP level 8. HP: 23/61 MP: 0/0
  6904 | D:5      | Reached skill level 6 in Fighting
  6911 | D:5      | Identified the +4 spear "Xaub Beo" {vamp, rCorr}
  7034 | D:5      | Reached skill level 5 in Staves
  7377 | D:5      | You are sucked into a shaft and drop 2 floors!
  7644 | D:7      | Found a staircase to the Ecumenical Temple.
  7974 | D:5      | Reached skill level 5 in Spellcasting
  8231 | D:5      | Reached skill level 7 in Fighting
  8265 | D:5      | Reached * piety under Makhleb
  8866 | D:6      | Reached XP level 9. HP: 68/68 MP: 0/0
  8866 | D:6      | Learned a level 4 spell: Petrify
  9198 | D:6      | Noticed Eustachio
  9233 | D:6      | Slain by a river rat

Illustrated notes

Levels and vault maps discovered:
D:1:      minmay_arrival_stair_chambers, layout_basic
D:2:      layout_rooms, shapermc_ecumenical_altar_mp_vishouse
D:3:      layout_rooms, kennysheep_generic_room_11, uniq_sigmund
D:4:      layout_basic, demons_altar, minmay_misc_feat_rugged
D:5:      layout_basic
D:6:      layout_loops_ring, tso_oasis_becter, uniq_eustachio, uniq_maggie
D:7:      layout_gridville, temple_fountains, uniq_harold

Skill      XL: |  1  2  3  4  5  6  7  8 |
---------------+-------------------------+-----
Staves         | 3 4 5 |  5.7
Fighting       | 3 4 5 7 |  7.6
Spellcasting   | 1 2 3 5 |  5.5
Throwing       | |  1.5
Dodging        | |  3.2

Action                   |  1- 3 |  4- 6 |  7- 9 || total
-------------------------+-------+-------+-------++-------
Melee: Quarterstaff      |   107 |   123 |    67 ||   297
       Spear             |       |       |   178 ||   178
Throw: Throwing net      |     1 |       |       ||     1
 Cast: Magic Dart        |    12 |    74 |    46 ||   132
       Blink             |       |     5 |     3 ||     8
       Call Imp          |       |       |    28 ||    28
  Use: Scroll            |       |    11 |     7 ||    18
       Potion            |       |     1 |       ||     1
 Stab: Distracted        |       |       |     4 ||     4
       Sleeping          |       |       |     1 ||     1
Armor: Leather armour    |    47 |    43 |    85 ||   175
Dodge: Dodged            |    86 |    75 |   138 ||   299

Table legend: (Time is in decaauts)
 A = Elapsed time spent in this place.
 B = Non-inter-level travel time spent in this place.
 C = Inter-level travel time spent in this place.
 D = Time resting spent in this place.
 E = Time spent auto-exploring this place.
 F = Levels seen in this place.
 G = Mean time per level.
                   A        B        C        D        E       F      G
               +--------+--------+--------+--------+--------+-----+--------+
         Total |   9269 |   8863 |    406 |     38 |   7460 |   7 | 1324.1 |
       Dungeon |   9269 |   8863 |    406 |     38 |   7460 |   7 | 1324.1 |
               +--------+--------+--------+--------+--------+-----+--------+

Top non-repeatable levels by time:
     D:4: 2338 daAuts
     D:5: 1772 daAuts
     D:1: 1656 daAuts
     D:3: 1631 daAuts
     D:2: 1263 daAuts
     D:6: 314 daAuts
     D:7: 293 daAuts
